 Dungeon Crawl Stone Soup version 0.25-a0-614-g73ad250637 (webtiles) character file.

Game seed: 6612778228634987664, levelgen mode: deterministic

1 Amnesiac the Ducker (level 1, -3/11 HPs)
             Began as a Spriggan Berserker on Mar 17, 2020.
             Slain by a hobgoblin
             ... wielding a +0 club
              (5 damage)
             ... on level 1 of the Dungeon.
             The game lasted 00:00:36 (116 turns).

Amnesiac the Ducker (Spriggan Berserker)             Turns: 116, Time: 00:00:37

Health: -3/11      AC:  2    Str: 13    XL:     1   Next: 16%
Magic:  2/2        EV: 19    Int:  8    God:
Gold:   21         SH:  0    Dex: 15    Spells: 0/0 levels left

rFire    . . .     SeeInvis +   a - +0 short sword
rCold    . . .     Gourm    .   (shield restricted)
rNeg     . . .     Faith    .   b - +0 animal skin
rPois    .         Spirit   .   (helmet restricted)
rElec    .         Reflect  .   (no cloak)
rCorr    .         Harm     .   (gloves unavailable)
MR       .....                  (boots unavailable)
Stlth    ..........             (no amulet)
HPRegen  0.03/turn              d - ring of attention (curse)
MPRegen  0.08/turn              (no ring)

@: very quick
A: very small, unfitting armour, see invisible, herbivore, speed 3, slow
metabolism 2
a: no special abilities


You were on level 1 of the Dungeon.
You were not hungry.

You visited 1 branch of the dungeon, and saw 2 of its levels.

You collected 21 gold pieces.

Inventory:

Hand Weapons
 a - a +0 short sword (weapon)
Armour
 b - a +0 animal skin (worn)
Jewellery
 d - a cursed ring of attention (left hand)
Scrolls
 e - a scroll of noise {!r, unknown}
 f - a scroll of remove curse {!r, unknown}
Comestibles
 c - a ration


   Skills:
 - Level 2.4 Fighting
 + Level 3.4 Short Blades
 - Level 4.4 Dodging


You couldn't memorise any spells.
You didn't know any spells.
Your spell library was empty.

Dungeon Overview and Level Annotations

Branches:
Dungeon (2/15)

Altars:


Innate Abilities, Weirdness & Mutations

You are very small and have problems with some larger weapons.
You are too small for most types of armour.
You have supernaturally acute eyesight. (SInv)
You are a herbivore.
You cover ground extremely quickly.
You need to consume almost no food.


Message History

The hobgoblin is heavily wounded.
The hobgoblin misses you.
You hit the hobgoblin.
The hobgoblin is severely wounded.
You closely miss the hobgoblin.
The hobgoblin is severely wounded.
The hobgoblin hits you with a +0 club.
* * * LOW HITPOINT WARNING * * *
You closely miss the hobgoblin.
The hobgoblin is severely wounded.
The hobgoblin closely misses you.
You hit the hobgoblin.
You kill the hobgoblin!
Found a silver ring.
There is an open door here.
Found a scroll labeled OSEING YPROO.
There are no items here.
You see here a silver ring.
d - a silver ring Oops, that ring feels deathly cold.
d - a cursed ring of attention (left hand)
You see here a scroll labeled OSEING YPROO {!r}.
e - a scroll labeled OSEING YPROO {!r} The hobgoblin misses you.
There is an open door here.
Things that are here:
a +0 club; a hobgoblin corpse The kobold shouts!
There is an escape hatch in the floor here.
You slide downwards.
The hatch slams shut behind you.
Found a scroll labeled WAFREU DOQYP.
You start resting.
An adder comes into view.
The adder hisses angrily.
You see here a scroll labeled WAFREU DOQYP {!r}.
f - a scroll labeled WAFREU DOQYP {!r}
Found a stone staircase leading up.
Okay, then.
A rat comes into view.
Found 13 gold pieces.
There is a stone staircase leading up here.
You climb upwards.
A hobgoblin comes into view. It is wielding a +0 club.
The hobgoblin closely misses you. The hobgoblin completely misses you.
There is a stone staircase leading down here.
A hobgoblin is nearby!
You barely miss the hobgoblin. The hobgoblin hits you with a +0 club.
* * * LOW HITPOINT WARNING * * *
You completely miss the hobgoblin.
The hobgoblin hits you but does no damage.
You hit the hobgoblin but do no damage. The hobgoblin hits you with a +0 club.
* * * LOW HITPOINT WARNING * * *
Unknown command.
You hit the hobgoblin.
The hobgoblin is moderately wounded.
Unknown command.
You barely miss the hobgoblin.
The hobgoblin is moderately wounded.
The hobgoblin barely misses you.
Unknown command.
You hit the hobgoblin.
The hobgoblin is severely wounded.
The hobgoblin hits you with a +0 club.
You die...

##+#+##
.......
.......
.......
.......
##.......
#@g......
#.#######
#.# #..
###


You could see a hobgoblin.

Vanquished Creatures
  A hobgoblin (D:1)
1 creature vanquished.

Notes
Turn   | Place    | Note
-------+----------+-------------------------------------------
     0 | D:1      | Amnesiac the Spriggan Berserker began the quest for the
                  | Orb.
     0 | D:1      | Reached XP level 1. HP: 11/11 MP: 2/2
     3 | D:1      | Fell from the grace of Trog
   116 | D:1      | Slain by a hobgoblin

Levels and vault maps discovered:
D:1:      eino_arrival_water_cross, layout_basic
D:2:      layout_loops_ring, serial_bayou_ford_a

Action                   || total
-------------------------++-------
Melee: Short sword       ||    19
Invok: Renounce Religion ||     1
Armor: Animal skin       ||     1
Dodge: Dodged            ||    12

Table legend:
 A = Non-vault XP
 B = Vault XP
 C = Vault XP percentage of total XP
 D = Non-vault monster count
 E = Vault monster count
 F = Vault count percentage of total count
                 A         B        C        D         E       F
            +---------+---------+-------+---------+---------+-------
      Total |       2 |       0 |   0.0 |       1 |       0 |   0.0
            +---------+---------+-------+---------+---------+-------
        D:1 |       2 |       0 |   0.0 |       1 |       0 |   0.0
            +---------+---------+-------+---------+---------+-------
